 Dungeon Crawl Stone Soup version 0.28-a0-816-gb054d88 (webtiles) character file.

Game seed: 12816259406013883842

187 Sixotanaka the Chiller (level 5, -1/52 HPs)
             Began as a Merfolk Ice Elementalist on Nov 8, 2021.
             Succumbed to a scorpion's poison
             ... on level 3 of the Dungeon.
             The game lasted 00:03:50 (2413 turns).

Sixotanaka the Chiller (Merfolk Ice Elementalist)   Turns: 2413, Time: 00:03:51

Health: -1/52      AC: 22    Str:  9    XL:     5   Next: 66%
Magic:  5/8        EV:  2    Int: 15    God:
Gold:   96         SH:  5    Dex: 14    Spells: 4/8 levels left

rFire   . . .      SeeInvis .   k - +0 spear
rCold   . . .      Faith    .   (no shield)
rNeg    . . .      Spirit   .   (armour currently unavailable)
rPois   +          Reflect  +   (helmet currently unavailable)
rElec   .          Harm     .   (cloak currently unavailable)
rCorr   .          Rampage  .   (gloves currently unavailable)
Will    .....      NoTele   +   (boots currently unavailable)
Stlth   ++........              c - amulet of reflection
HPRegen 0.17/turn               (no ring)
MPRegen 0.11/turn               (no ring)

@: mighty, lethally poisoned (-1 -> -14), tree-form
A: stationary, stasis, torment immunity, boosted hp, (nimble swimmer 2),
(mertail)
a: no special abilities


You were on level 3 of the Dungeon.
You were a tree.
You visited 1 branch of the dungeon, and saw 3 of its levels.

You collected 96 gold pieces.

Inventory:

Hand Weapons
 k - a +0 spear (weapon)
Armour
 a - a +0 robe (melded)
Jewellery
 c - an amulet of reflection (around neck)
Scrolls
 d - 2 scrolls of teleportation {unknown}
 f - 2 scrolls of identify {unknown}
 h - 5 scrolls of fog {unknown}
 i - a scroll of amnesia {unknown}
 j - 3 scrolls of blinking {unknown}
Potions
 e - a potion of might
 g - a potion of curing {unknown}
 l - a potion of heal wounds {unknown}


   Skills:
 - Level 2.8 Dodging
 - Level 2.3 Stealth
 - Level 2.0 Spellcasting
 + Level 7.3 Ice Magic


You had 4 spell levels left.
You knew the following spells:

 Your Spells              Type           Power      Damage    Failure   Level
a - Freeze                Ice            92%        1d10      1%          1
b - Frozen Ramparts       Ice            46%        1d6       3%          3

Your spell library contained the following spells:

 Spells                   Type           Power      Damage    Failure   Level
 Ozocubu's Armour         Ice            23%        N/A       3%          3
 Hailstorm                Conj/Ice       12%        3d5       43%         4


Dungeon Overview and Level Annotations

Branches:
Dungeon (3/15)

Altars:
Hepliaklqana
Ru


Innate Abilities, Weirdness & Mutations

You are a tree.
Your roots penetrate the ground, keeping you stationary.
You cannot be teleported.
You are immune to unholy pain and torment.
Your maximum health is greatly increased.
Your equipment is partially melded.
((You are quick and stealthy near water. (Stealth+, EV+, Speed+++)))
((Your lower body shifts to a powerful aquatic tail in water.))


Message History

You are poisoned.
The scorpion poisons you! The scorpion stings you.
Casting: Freeze (safe; 1% risk of failure)
Confirm with . or Enter, or press ? or * to list all spells.
Aiming: Freeze (safe; 1% risk of failure)
Press: ? - help, Shift-Dir - straight line, f - scorpion
Aim: a scorpion (lightly wounded)
You freeze the scorpion!
The scorpion is severely wounded.
You feel very sick. You block the scorpion's attack.
Casting: Freeze (safe; 1% risk of failure)
Confirm with . or Enter, or press ? or * to list all spells.
Aiming: Freeze (safe; 1% risk of failure)
Press: ? - help, Shift-Dir - straight line, f/p - scorpion
Aim: a scorpion (severely wounded)
You freeze the scorpion.
The scorpion is almost dead.
You feel sick. The scorpion stings you!
* * * LOW HITPOINT WARNING * * *
You are lethally poisoned!
The scorpion poisons you!
Casting: Freeze (safe; 1% risk of failure)
Confirm with . or Enter, or press ? or * to list all spells.
Aiming: Freeze (safe; 1% risk of failure)
Press: ? - help, Shift-Dir - straight line, f/p - scorpion
Aim: a scorpion (almost dead)
You freeze the scorpion!
You kill the scorpion!
* * * LOW HITPOINT WARNING * * *
You feel very sick.
Your Ice Magic skill increases to level 7!
It was a potion of might.
You feel very mighty all of a sudden.
* * * LOW HITPOINT WARNING * * *
You feel very sick.
Unknown command.
It was a potion of lignification.
You turn into a tree.
Your +0 robe melds into your body.
Your roots penetrate the ground.
You die...

. ###### ..
#########....# ...
#....†.......# .<..
##.####^####..# .....
#.†# ..... #..###
......##..#.......#.....
#...†♣..#...?...#....#
#..........._...#....#
#.......#.......#....#
#.......#.......#....#
#.......# ..... #....#
#.......# ##^## #....#
#........ ... .....#
#......... ##......#


There were no monsters in sight!

Vanquished Creatures
  A scorpion (D:3)
  3 gnolls (D:2)
  5 adders
  A worm (D:3)
  A dart slug (D:1)
  4 ball pythons
  6 endoplasms
  A giant cockroach (D:1)
  5 goblins
  8 hobgoblins
  4 jackals (D:1)
  2 quokkas
  5 bats
  4 frilled lizards
  A kobold (D:2)
  3 rats
54 creatures vanquished.

Notes
Turn   | Place    | Note
-------+----------+-------------------------------------------
     0 | D:1      | Sixotanaka the Merfolk Ice Elementalist began the quest for
                  | the Orb.
     0 | D:1      | Reached XP level 1. HP: 13/13 MP: 3/3
   231 | D:1      | Reached XP level 2. HP: 19/19 MP: 5/5
   415 | D:1      | Reached skill level 5 in Ice Magic
   744 | D:1      | Reached XP level 3. HP: 21/24 MP: 4/6
  1216 | D:2      | Learned a level 3 spell: Frozen Ramparts
  1304 | D:2      | Reached XP level 4. HP: 30/30 MP: 4/7
  1362 | D:2      | Reached skill level 6 in Ice Magic
  2047 | D:3      | Reached XP level 5. HP: 35/35 MP: 5/8
  2120 | D:3      | Found a sacrificial altar of Ru.
  2385 | D:3      | Found a hazy altar of Hepliaklqana.
  2412 | D:3      | Reached skill level 7 in Ice Magic
  2412 | D:3      | HP: 1/35 [poisoned by a scorpion]
  2413 | D:3      | Succumbed to a scorpion's poison

Illustrated notes

Levels and vault maps discovered:
D:1:      heliophobic_arrival_ceremonial_halls, layout_basic, minmay_bisected
D:2:      layout_basic
D:3:      layout_basic, lemuel_tele_altar, mainiacjoe_overflow_small_starburst,
          hellmonk_ecumenical_altar_pennies_from_heaven,
          kennysheep_generic_room_9

Skill      XL: |  1  2  3  4  5 |
---------------+----------------+-----
Ice Magic      | 5 6 7 |  7.3
Dodging        | |  2.8
Stealth        | |  2.3
Spellcasting   | |  2.0

Action                   |  1- 3 |  4- 6 || total
-------------------------+-------+-------++-------
Melee: Club              |     3 |       ||     3
       Dagger            |    18 |       ||    18
       Spear             |       |    22 ||    22
 Cast: Freeze            |    34 |    28 ||    62
       Frozen Ramparts   |       |     3 ||     3
  Use: Potion            |       |     2 ||     2
 Stab: Sleeping          |     5 |     6 ||    11
Armor: Robe              |    10 |     1 ||    11
Dodge: Dodged            |    26 |    16 ||    42
Block: Other             |       |     3 ||     3

Table legend: (Time is in decaauts)
 A = Elapsed time spent in this place.
 B = Non-inter-level travel time spent in this place.
 C = Inter-level travel time spent in this place.
 D = Time resting spent in this place.
 E = Time spent auto-exploring this place.
 F = Levels seen in this place.
 G = Mean time per level.
                   A        B        C        D        E       F      G
               +--------+--------+--------+--------+--------+-----+--------+
         Total |   2413 |   2398 |     15 |    580 |   1424 |   3 |  804.3 |
       Dungeon |   2413 |   2398 |     15 |    580 |   1424 |   3 |  804.3 |
               +--------+--------+--------+--------+--------+-----+--------+

Top non-repeatable levels by time:
     D:2: 997 daAuts
     D:1: 942 daAuts
     D:3: 473 daAuts
